 Dungeon Crawl Stone Soup version 0.23.1 (webtiles) character file.

Game seed: 4515123864071464436

22542 LostNumber the Carver (level 13, -2/103 HPs)
             Began as a Human Fighter on Mar 10, 2019.
             Was a Believer of the Shining One.
             Slain by Snorg (10 damage)
             ... on level 4 of the Lair of Beasts.
             The game lasted 00:28:20 (17262 turns).

LostNumber the Carver (Human Fighter)              Turns: 17262, Time: 00:28:21

Health: -2/103     AC: 20    Str: 21    XL:     13   Next: 28%
Magic:  16/18      EV:  8    Int: 13    God:    the Shining One [**....]
Gold:   1046       SH: 21    Dex: 16    Spells: 12/12 levels left

rFire    + . .     SeeInvis .   b - +10 morningstar "Eos" {elec, Halo rElec}
rCold    . . .     Gourm    .   R - +0 shield of Forking Paths {rC+ Dex+3}
rNeg     + . .     Faith    .   F - +6 scale mail of Dimewnah {rC- Int+4}
rPois    .         Spirit   .   (no helmet)
rElec    +         Reflect  .   I - scarf {repulsion}
rCorr    .         Harm     .   (no gloves)
MR       .....                  B - +1 pair of boots
Stlth    ..........             (no amulet)
HPRegen  0.27/turn              v - +5 ring of protection
MPRegen  0.16/turn              i - ring of protection from fire

@: divine shield, glowing, repel missiles
A: no striking features
a: Divine Shield, Renounce Religion


You were on level 4 of the Lair of Beasts.
You worshipped the Shining One.
The Shining One was pleased with you.
You were not hungry.

You visited 4 branches of the dungeon, and saw 17 of its levels.
You also visited: Ice Cave.

You collected 1046 gold pieces.

Inventory:

Hand Weapons
 b - the +10 morningstar "Eos" (weapon) {elec, Halo rElec}
   (You found it on level 3 of the Lair of Beasts)

   Occasionally, upon striking a foe, it will discharge some electrical energy
   and cause terrible harm.
   It insulates you from electricity.
 s - a +0 scimitar of flaming
   (You took it off Erica on level 9 of the Dungeon)
 E - a +4 flail of holy wrath
   (You took it off Edmund on level 6 of the Dungeon)
 Q - a +2 long sword of flaming
   (You found it on level 10 of the Dungeon)
Missiles
 J - a throwing net (quivered) {!f}
Armour
 B - a +1 pair of boots (worn)
   (You found it on level 7 of the Dungeon)
 F - the +6 scale mail of Dimewnah (worn) {rC- Int+4}
   (You found it on level 2 of the Lair of Beasts)

   It affects your intelligence (+4).
   It makes you vulnerable to cold.
 I - a scarf of repulsion (worn)
   (You found it on level 8 of the Dungeon)
 O - a +0 plate armour
   (You took it off an orc warrior on level 10 of the Dungeon)
 R - the +0 shield of Forking Paths (worn) {rC+ Dex+3}
   (You found it on level 2 of the Lair of Beasts)

   It affects your dexterity (+3).
   It protects you from cold.
Jewellery
 i - a ring of protection from fire (right hand)
   (You found it on level 1 of the Dungeon)
 l - an uncursed ring of protection from magic
   (You found it on level 5 of the Dungeon)
 o - an uncursed ring of protection from cold
   (You found it on level 5 of the Dungeon)
 v - a +5 ring of protection (left hand)
   (You found it on level 3 of the Lair of Beasts)
 w - an uncursed ring of flight
   (You found it on level 2 of the Lair of Beasts)
Wands
 c - a wand of disintegration (8)
   (You found it on level 3 of the Lair of Beasts)
 d - a wand of iceblast (13)
   (You found it on level 4 of the Dungeon)
 f - a wand of polymorph (5)
   (You found it on level 2 of the Lair of Beasts)
 t - a wand of flame (68)
   (You took it off a kobold on level 8 of the Dungeon)
 u - a wand of paralysis (6)
   (You found it on level 9 of the Dungeon)
 x - a wand of acid (24)
   (You found it on level 8 of the Dungeon)
 M - a wand of enslavement (8)
   (You found it on level 9 of the Dungeon)
Scrolls
 h - 3 scrolls of fear
 j - a scroll of enchant armour
 k - 5 scrolls of teleportation {@r4}
 m - a scroll of immolation {!r}
 n - 8 scrolls of remove curse {@r2}
 q - 3 scrolls of magic mapping
 y - a scroll of fog
 L - 2 scrolls of enchant weapon
Potions
 g - 4 potions of flight
 p - 5 potions of haste {@q3}
 r - a potion of lignification {!q}
 z - 4 potions of curing {@q1}
 A - a potion of magic
 D - a potion of cancellation
 G - 2 potions of heal wounds {@q2}
 K - a potion of berserk rage
Comestibles
 a - 3 chunks of flesh
 e - 39 rations {!d}


   Skills:
 + Level 10.0 Fighting
 - Level 12.6 Long Blades
 * Level 3.6 Maces & Flails
 - Level 6.0 Armour
 + Level 9.9 Shields
 + Level 6.1 Invocations
 + Level 6.8 Evocations


You had 12 spell levels left.
You didn't know any spells.
Your spell library contained the following spells:

 Spells                   Type           Power        Failure   Level  Hunger
 Freeze                   Ice            #...         83%         1    ##.....
 Magic Dart               Conj           #...         83%         1    ##.....
 Sandblast                Erth           #.....       83%         1    ##.....
 Passwall                 Tmut/Erth      #.......     92%         2    ###....
 Searing Ray              Conj           #.....       92%         2    ###....
 Throw Frost              Conj/Ice       #.....       92%         2    ###....
 Dazzling Spray           Conj/Hex       #.....       99%         3    ####...
 Ozocubu's Armour         Chrm/Ice       #.......     99%         3    ####...
 Stone Arrow              Conj/Erth      #.....       99%         3    ####...
 Force Lance              Conj/Tloc      #.......     100%        4    #####..
 Fulminant Prism          Conj/Hex       #.........   100%        4    #####..
 Iskenderun's Mystic Bla  Conj           #.......     100%        4    #####..
 Petrify                  Tmut/Erth      #.......     100%        4    #####..
 Summon Ice Beast         Ice/Summ       #.......     100%        4    #####..
 Throw Icicle             Conj/Ice       #.......     100%        4    #####..
 Lee's Rapid Deconstruct  Erth           #.........   100%        5    ######.


Dungeon Overview and Level Annotations

Branches:
Dungeon (11/15)            Temple (1/1) D:5            Lair (4/6) D:10
 Spider (0/4) Lair:2          Orc (1/2) D:10
  Swamp: Lair:2-4    Shoals: Lair:2-4

Altars:
Ashenzari
Cheibriados
Dithmenos
Elyvilon
Fedhas
Gozag
Hepliaklqana
Kikubaaqudgha
Makhleb
Nemelex Xobeh
Okawaru
Qazlal
Ru
Sif Muna
Trog
Uskayaw
Vehumet
Wu Jian
Xom
Yredelemnul
Zin
The Shining One

Annotations:
D:5 1 runed translucent door, 2 transporters, gothhamster's ghost, amateur GnFi
D:8 exclusion: 2 doors
Lair:4 Snorg


Message History

You bludgeon the yak!! You block the yak's attack. The yak gores you.
You hit the yak. Lightning courses through the yak!!
The yak gores you but does no damage.
You puncture the yak!
You kill the yak!
No target in view!
No target in view!
No target in view!
You butcher the yak corpse.
a - 4 chunks of flesh You see here a yak skeleton. x2
Eating one of 4 chunks of flesh.
You eat one of the 4 chunks of flesh.
You now have 1046 gold pieces (gained 9).
Snorg the Insatiable comes into view.
Snorg shouts!
Okay, then.
Okay, then.
Aim: Snorg (haloed)
The bolt of acid hits Snorg!
Snorg is splashed with acid.
Aim: Snorg (moderately wounded, haloed)
The bolt of acid hits Snorg!
Snorg is splashed with acid.
The acid corrodes Snorg!
Your shield is strengthened by the Shining One's divine power.
You feel slightly more hungry. Snorg barely misses you.
You block Snorg's attack. x2
You sock Snorg! Snorg barely misses you. You block Snorg's attack.
Snorg claws you but does no damage.
You barely miss Snorg.
Snorg goes berserk!
Snorg bites you!! You block Snorg's attack. x2
You impale Snorg!! Snorg bites you. You block Snorg's attack. x2
Snorg bites you! You block Snorg's attack. Snorg claws you but does no damage.
You sock Snorg!
You block Snorg's attack. x2; Snorg barely misses you.
Snorg closely misses you. Snorg claws you!
* * * LOW HITPOINT WARNING * * *
Snorg closely misses you.
You impale Snorg!!
You block Snorg's attack. x3; Snorg barely misses you.
Snorg claws you.
* * * LOW HITPOINT WARNING * * *
Snorg claws you but does no damage.
You barely miss Snorg. Snorg closely misses you. You block Snorg's attack.
Snorg claws you!
* * * LOW HITPOINT WARNING * * *
Snorg bites you!
* * * LOW HITPOINT WARNING * * *
Snorg claws you!
* * * LOW HITPOINT WARNING * * *
Snorg claws you but does no damage.
You hit Snorg.
Snorg is no longer covered in acid.
You block Snorg's attack. x2
Snorg claws you!
You die...

##........# ##.....
##.........#####.###
##...........#P##.###
#...............รท#.#P
#............#......
#............###....
#.......### #P#..
##......## ###..
#@#P##### ##. #T####
#. #.. ### ## #..#
#####.####. ...#
#..#...##.. ....
###......##.. ....
##........###. ....
#...........#.
##.............


You could see Snorg (berserk).

Vanquished Creatures
  2 hydras
  Harold (D:8)
  Erica (D:9)
  2 two-headed ogres
  An ugly thing (IceCv)
  5 black mambas
  A gargoyle (D:10)
  4 spiny frogs
  2 rime drakes
  A komodo dragon (Lair:2)
  A troll (D:9)
  2 dream sheep (D:8)
  A polar bear (Lair:3)
  13 blink frogs
  Prince Ribbit (D:5)
  2 hippogriffs
  A wyvern (D:10)
  A tarantella (shapeshifter) (Lair:3)
  10 yaks
  Grum (D:7)
  3 vampire mosquitoes (D:10)
  Edmund (D:6)
  5 water moccasins
  3 porcupines
  2 orc warriors
  9 ice beasts
  4 phantoms
  3 sky beasts
  5 black bears
  4 ogres
  A centaur (D:7)
  4 wolves (D:8)
  5 big kobolds
  5 crocodiles
  Blork the orc (D:5)
  12 bullfrogs
  A gnoll sergeant (D:9)
  2 scorpions
  4 killer bees (D:6)
  14 wights
  An electric eel (Lair:2)
  2 howler monkeys
  6 crimson imps
  2 bullfrog zombies
  2 jellies
  2 centaur zombies
  7 hounds
  An orc priest (Orc:1)
  4 orc wizards
  2 bullfrog skeletons
  2 centaur skeletons
  2 iguanas
  7 hell rats (Lair:3)
  15 worker ants
  2 worker ant zombies
  4 gnolls (D:9)
  10 adders
  A howler monkey skeleton (D:10)
  15 river rats (Lair:3)
  2 shadow imps
  A white imp (D:9)
  An ooze (D:1)
  2 adder skeletons
  5 worms
  2 dart slugs
  4 leopard geckos
  20 orcs
  A ball python (D:1)
  5 bats
  8 giant cockroaches
  9 hobgoblins
  7 jackals
  25 kobolds
  9 quokkas
  2 frilled lizards (D:2)
  A giant cockroach zombie (D:5)
  9 goblins
  A goblin zombie (D:9)
  A hobgoblin zombie (D:9)
  A jackal skeleton (D:4)
  A kobold zombie (D:9)
  A leopard gecko skeleton (D:4)
  3 orc skeletons (D:9)
  An orc zombie (D:9)
  A quokka skeleton (D:9)
  A quokka zombie (D:6)
  19 rats
371 creatures vanquished.

Vanquished Creatures (others)
  A fire vortex (Lair:2)
  5 fungi (Lair:3)
  A plant (D:8)
7 creatures vanquished.

Grand Total: 378 creatures vanquished

Notes
Turn   | Place    | Note
-------+----------+-------------------------------------------
     0 | D:1      | LostNumber the Human Fighter began the quest for the Orb.
     0 | D:1      | Reached XP level 1. HP: 18/18 MP: 1/1
    41 | D:1      | Reached XP level 2. HP: 23/24 MP: 2/2
   258 | D:1      | Reached XP level 3. HP: 26/29 MP: 3/3
   765 | D:2      | Reached skill level 3 in Long Blades
   765 | D:2      | Reached XP level 4. HP: 33/35 MP: 4/4
  1038 | D:2      | Found an iron altar of Okawaru.
  1154 | D:2      | Found a shadowy altar of Dithmenos.
  1422 | D:2      | Reached XP level 5. HP: 23/41 MP: 5/5
  2405 | D:4      | Reached XP level 6. HP: 37/48 MP: 6/6
  2432 | D:4      | Found a burning altar of Makhleb.
  2472 | D:4      | Reached skill level 4 in Long Blades
  3359 | D:5      | Entered Level 5 of the Dungeon
  3366 | D:5      | Noticed Prince Ribbit
  3368 | D:5      | Reached XP level 7. HP: 49/54 MP: 7/7
  3472 | D:5      | Found a staircase to the Ecumenical Temple.
  3485 | D:5      | Killed Prince Ribbit
  3485 | D:5      | Reached skill level 5 in Long Blades
  3670 | Temple   | Entered the Ecumenical Temple
  3862 | D:5      | Reached XP level 8. HP: 61/61 MP: 8/8
  4067 | D:5      | Found a runed translucent door.
  4085 | D:5      | Found a transporter.
  4108 | D:5      | Found a transporter.
  4124 | D:5      | Reached skill level 5 in Fighting
  4200 | D:5      | Noticed a moth of wrath
  4202 | D:5      | Found a bloodstained altar of Trog.
  4362 | D:5      | Found a shattered altar of Ashenzari.
  4399 | D:5      | Reached skill level 6 in Long Blades
  4399 | D:5      | Reached skill level 5 in Armour
  4433 | D:5      | Noticed Blork the orc
  4452 | D:5      | Killed Blork the orc
  4452 | D:5      | Reached skill level 5 in Shields
  4608 | D:5      | Found a sparkling altar of Nemelex Xobeh.
  4791 | D:5      | Noticed gothhamster's ghost (amateur GnFi)
  4804 | D:6      | Found a stormy altar of Qazlal.
  4943 | D:6      | Found an ancient bone altar of Kikubaaqudgha.
  5136 | D:6      | Reached XP level 9. HP: 24/68 MP: 9/9
  5455 | D:6      | Reached skill level 7 in Long Blades
  5500 | D:6      | Noticed Edmund
  5529 | D:6      | Killed Edmund
  5914 | D:7      | Reached skill level 8 in Long Blades
  6341 | D:7      | Noticed a hippogriff
  6360 | D:7      | Killed a hippogriff
  6381 | D:7      | Reached XP level 10. HP: 37/77 MP: 10/10
  7042 | D:8      | Noticed Grum
  7072 | D:7      | Killed Grum
  7072 | D:7      | Reached skill level 9 in Long Blades
  7443 | D:8      | Found a radiant altar of Vehumet.
  7712 | D:8      | Found a snail-covered altar of Cheibriados.
  7775 | D:8      | Reached skill level 1 in Evocations
  8572 | D:8      | Noticed Harold
  8599 | D:8      | Killed Harold
  8599 | D:8      | Reached skill level 10 in Long Blades
  8882 | D:8      | Found a blossoming altar of Fedhas.
  9001 | D:9      | Found a basalt altar of Yredelemnul.
  9108 | D:9      | Found a glowing golden altar of the Shining One.
  9117 | D:9      | Reached XP level 11. HP: 82/86 MP: 13/13
  9148 | D:9      | Became a worshipper of the Shining One
  9407 | D:9      | Found a deep blue altar of Sif Muna.
  9460 | D:9      | Noticed Erica
  9493 | D:9      | Killed Erica
 10222 | D:10     | Entered Level 10 of the Dungeon
 10281 | D:10     | Reached skill level 1 in Invocations
 10283 | D:10     | Noticed a two-headed ogre
 10350 | D:10     | Killed a two-headed ogre
 10350 | D:10     | Reached skill level 11 in Long Blades
 10479 | D:10     | Found a staircase to the Orcish Mines.
 10481 | D:10     | Reached * piety under the Shining One
 10996 | D:10     | Found a staircase to the Lair.
 11670 | D:11     | Noticed a cyan ugly thing
 11692 | D:11     | Noticed a two-headed ogre
 11736 | Lair:1   | Entered Level 1 of the Lair of Beasts
 11849 | Lair:1   | Found a frozen archway.
 11856 | IceCv    | Entered an ice cave
 11856 | IceCv    | Noticed a white ugly thing
 11856 | IceCv    | Reached ** piety under the Shining One
 11870 | IceCv    | Killed a white ugly thing
 11881 | IceCv    | Reached XP level 12. HP: 62/94 MP: 12/15
 11885 | IceCv    | Found a transporter.
 11898 | IceCv    | Found a transporter.
 11902 | IceCv    | HP: 3/94 [ice statue] (3)]
 11909 | Lair:1   | Reached skill level 5 in Evocations
 13361 | Lair:2   | Reached skill level 12 in Long Blades
 13470 | Lair:2   | Noticed Sonja
 13474 | Lair:2   | Noticed Sonja
 13474 | Lair:2   | Sonja changed into Sonja the rime drake
 13480 | Lair:2   | Killed Sonja the rime drake
 13881 | Lair:2   | Got a dazzling scale mail
 13892 | Lair:2   | Identified the +6 scale mail of Dimewnah {rC- Int+4} (You
                  | found it on level 2 of the Lair of Beasts)
 13914 | Lair:2   | Got a spiked shield
 13925 | Lair:2   | Identified the cursed +0 shield of Forking Paths {rC+
                  | Dex+3} (You found it on level 2 of the Lair of Beasts)
 13955 | Lair:2   | Found a hole to the Spider Nest.
 14733 | Lair:3   | Noticed a six-headed hydra
 14742 | Lair:3   | Killed a one-headed hydra
 14742 | Lair:3   | Reached skill level 5 in Invocations
 15291 | Lair:3   | Found the +10 morningstar "Eos" {elec, Halo rElec}
 16055 | Orc:1    | Entered Level 1 of the Orcish Mines
 16068 | Orc:1    | Reached skill level 1 in Maces & Flails
 16091 | Orc:1    | Noticed a two-headed ogre
 16104 | Orc:1    | Killed a two-headed ogre
 16104 | Orc:1    | Reached XP level 13. HP: 84/102 MP: 14/17
 16597 | Lair:4   | Found a bloodstained altar of Trog.
 16635 | Lair:4   | Noticed an eight-headed hydra
 16642 | Lair:4   | Killed an eight-headed hydra
 17227 | Lair:4   | Reached skill level 10 in Fighting
 17249 | Lair:4   | Noticed Snorg
 17262 | Lair:4   | Slain by Snorg

Skill      XL: |  1  2  3  4  5  6  7  8  9 10 11 12 13 |
---------------+----------------------------------------+-----
Long Blades    | 3 4 5 6 8 10 11 12 | 12.6
Fighting       | 4 5 6 7 8 9 10 | 10.0
Armour         | 4 5 6 |  6.0
Shields        | 4 5 6 7 8 9 |  9.9
Evocations     | 2 4 6 |  6.8
Invocations    | 3 5 6 |  6.1
Maces & Flails | 1 3 |  3.6

Action                   |  1- 3 |  4- 6 |  7- 9 | 10-12 | 13-15 || total
-------------------------+-------+-------+-------+-------+-------++-------
Melee: Long sword        |   107 |   165 |       |   452 |       ||   724
       Dagger            |       |     8 |   409 |   342 |       ||   759
       Flail             |       |       |    14 |     8 |       ||    22
       Scimitar          |       |       |       |    63 |       ||    63
       Morningstar       |       |       |       |    17 |    54 ||    71
Invok: Divine Shield     |       |       |       |     4 |     2 ||     6
Evoke: Wand              |       |       |     2 |    11 |     5 ||    18
  Use: Scroll            |       |       |     6 |    17 |       ||    23
       Potion            |       |       |     1 |     5 |       ||     6
  Eat: Chunk             |       |     9 |    10 |    28 |     4 ||    51
       Ration            |       |       |       |     1 |       ||     1
Armor: Scale mail        |    60 |    77 |   123 |   227 |    33 ||   520
Dodge: Dodged            |    25 |    41 |   106 |   195 |    24 ||   391
       Deflected         |       |       |       |     3 |       ||     3
Block: Shield            |    53 |    85 |   182 |   447 |    53 ||   820
       Rpst.: Long sword |     6 |     9 |       |    27 |       ||    42
       Scimitar          |       |       |       |     7 |       ||     7
